 Dungeon Crawl Stone Soup version 0.29-a0-22-gbf593b16ee (webtiles) character file.

Game seed: 12208693152919991545

77582 dolemite99 the Severer (level 15, -16/136 HPs)
             Began as a Deep Dwarf Fighter on Jan 29, 2022.
             Was a High Priest of Makhleb.
             Demolished by a boulder beetle (37 damage)
             ... on level 14 of the Dungeon.
             The game lasted 00:47:24 (22161 turns).

dolemite99 the Severer (Deep Dwarf Fighter)        Turns: 22161, Time: 00:47:25

Health: -16/136    AC: 27    Str: 25    XL:     15   Next: 15%
Magic:  10/10      EV: 15    Int: 19    God:    Makhleb [*****.]
Gold:   184        SH: 11    Dex: 14    Spells: 14/14 levels left

rFire   . . .      SeeInvis .   a - +0 broad axe (protect)
rCold   . . .      Faith    .   X - +0 kite shield
rNeg    + . .      Spirit   .   d - +1 plate armour {rPois}
rPois   +          Reflect  .   B - +1 helmet of Satisfaction {rPois Int+10}
rElec   .          Harm     .   s - +2 cloak {rPois}
rCorr   .          Rampage  .   W - +1 pair of gloves
Will    ++...                   u - +1 pair of boots
Stlth   ..........              (no amulet)
HPRegen 0.00/turn               R - +4 ring of slaying
MPRegen 0.12/turn               z - +4 ring of evasion {=R}

@: studying Unarmed Combat
A: damage resistance, heal wounds, negative energy resistance 1, sense
surroundings 2, no regeneration, screaming 1
a: Heal Wounds, Renounce Religion, Minor Destruction, Lesser Servant of Makhleb,
Major Destruction, Greater Servant of Makhleb


You were on level 14 of the Dungeon.
You worshipped Makhleb.
Makhleb was extremely pleased with you.
You visited 3 branches of the dungeon, and saw 22 of its levels.
You also visited: Ossuary.

You collected 1892 gold pieces.
You spent 1708 gold pieces at shops.

Inventory:

Hand Weapons
 a - a +0 broad axe of protection (weapon)
 b - a +0 hunting sling of venom
 k - a +3 war axe of draining
 w - a +2 war axe of flaming
Missiles
 j - 27 poisoned darts
 m - 92 sling bullets
 o - 2 throwing nets
 p - 444 stones
 E - 6 curare-tipped darts
 O - 163 bolts
Armour
 d - a +1 plate armour of poison resistance (worn)
 s - a +2 cloak of poison resistance (worn)
 u - a +1 pair of boots (worn)
 B - the +1 helmet of Satisfaction (worn) {rPois Int+10}
   (You found it on level 6 of the Lair of Beasts)

   Int:       It affects your intelligence (+10).
   rPois:     It protects you from poison.
 W - a +1 pair of gloves (worn)
 X - a +0 kite shield (worn)
Jewellery
 e - a ring of magical power
 l - a ring of fire
 n - a ring of fire
 y - a +6 ring of dexterity
 z - a +4 ring of evasion (right hand) {=R}
 L - a ring of ice
 R - a +4 ring of slaying (left hand)
Wands
 G - a wand of digging (3)
 T - a wand of paralysis (4)
Scrolls
 c - 2 scrolls of vulnerability
 f - 10 scrolls of teleportation
 g - a scroll of immolation
 x - 15 scrolls of identify {@r1}
 A - 2 scrolls of fear
 I - a scroll of torment
 Q - 2 scrolls of silence
 S - 2 scrolls of amnesia
Potions
 h - 10 potions of curing
 i - 2 potions of mutation
 q - 6 potions of brilliance
 r - 3 potions of berserk rage
 t - a potion of attraction {unknown}
 v - 3 potions of flight
 C - a potion of heal wounds
 D - a potion of might
 F - a potion of magic
 H - a potion of haste
 J - 4 potions of resistance
 K - 3 potions of lignification
 N - a potion of cancellation
Miscellaneous
 M - a piece from Xom's chessboard (13/15)
 P - a phantom mirror (inert)


   Skills:
 - Level 9.6 Fighting
 - Level 16.0 Axes
 - Level 2.0 Slings
 + Level 11.2 Armour
 - Level 12.2 Dodging
 - Level 10.0 Shields
 + Level 12.5 Invocations
 - Level 10.7 Evocations


You had 14 spell levels left.
You didn't know any spells.
Your spell library contained the following spells:

 Spells                   Type           Power      Damage    Failure   Level
 Pain                     Necr           0%         1d4       99%         1
 Corpse Rot               Necr/Air       0%         N/A       100%        2
 Poisonous Vapours        Pois/Air       0%         N/A       100%        2
 Call Canine Familiar     Summ           0%         N/A       100%        3
 Dazzling Flash           Conj/Hex       0%         N/A       100%        3
 Gell's Gravitas          Tloc           0%         N/A       100%        3
 Lesser Beckoning         Tloc           0%         N/A       100%        3
 Ozocubu's Armour         Ice            0%         N/A       100%        3
 Portal Projectile        Hex/Tloc       0%         N/A       100%        3
 Teleport Other           Tloc           0%         N/A       100%        3
 Fulminant Prism          Conj/Hex       0%         3d6       100%        4
 Iskenderun's Mystic Bla  Conj/Tloc      0%         2d3       100%        4
 Leda's Liquefaction      Hex/Erth       0%         N/A       100%        4
 Agony                    Necr           0%         N/A       100%        5
 Excruciating Wounds      Necr           0%         N/A       100%        5
 Lee's Rapid Deconstruct  Erth           0%         3d5*      100%        5
 Starburst                Conj/Fire      0%         6d3       100%        6
 Ozocubu's Refrigeration  Ice            0%         4d5       100%        7


Dungeon Overview and Level Annotations

Branches:
Dungeon (14/15)            Temple (0/1) D:7            Lair (6/6) D:10
 Shoals (0/4) Lair:3       Spider (0/4) Lair:3        Slime (0/5) Lair:6
    Orc (2/2) D:9             Elf (0/3) Orc:2       Ossuary (visited)
 Vaults: D:13-14

Altars:
Cheibriados
Kikubaaqudgha
Makhleb
Uskayaw
The Shining One
Beogh
Jiyva

Shops:
D:1 *   D:3 *   D:9 (   Orc:1 ?   Orc:2 [(!!(

Annotations:
D:3 2 transporters, axecop's ghost, weakling HOWn
D:6 2 transporters
D:8 exclusion: downstairs
D:11 2 runed translucent doors, exclusion: door, axecop's ghost, journeyman HODe
Lair:1 1 runed translucent door
Lair:2 3 runed translucent doors, Zonian's ghost, journeyman DjIE
Lair:3 1 exclusion


Innate Abilities, Weirdness & Mutations

You are resistant to damage.
You can heal yourself by infusing magical energy.
You resist negative energy. (rN+)
You passively map the area around you.
You do not regenerate.
You occasionally shout uncontrollably at your foes.


Message History

You slash the boulder beetle!
The boulder beetle is lightly wounded.
The boulder beetle leaps!
Aiming: Minor Destruction (0% risk of failure)
Press: ? - help, Shift-Dir - straight line, f/p - boulder beetle
Aim: a boulder beetle (lightly wounded)
The stone arrow hits the boulder beetle.
The boulder beetle is lightly wounded.
Aiming: Minor Destruction (0% risk of failure)
Press: ? - help, Shift-Dir - straight line, f/p - boulder beetle
Aim: a boulder beetle (lightly wounded)
The stone arrow hits the boulder beetle!!
The boulder beetle is heavily wounded.
Aiming: Minor Destruction (0% risk of failure)
Press: ? - help, Shift-Dir - straight line, f/p - boulder beetle
Aim: a boulder beetle (moderately wounded)
The puff of flame hits the boulder beetle but does no damage.
The boulder beetle is moderately wounded.
Aiming: Minor Destruction (0% risk of failure)
Press: ? - help, Shift-Dir - straight line, f/p - boulder beetle
Aim: a boulder beetle (moderately wounded)
The stone arrow hits the boulder beetle!
The boulder beetle is heavily wounded.
The boulder beetle leaps!
Aiming: Minor Destruction (0% risk of failure)
Press: ? - help, Shift-Dir - straight line, f/p - boulder beetle
Aim: a boulder beetle (heavily wounded)
The glob of acid hits the boulder beetle but does no damage.
The boulder beetle is heavily wounded.
The boulder beetle curls into a ball and begins rolling!
Aiming: Minor Destruction (0% risk of failure)
Press: ? - help, Shift-Dir - straight line, f/p - boulder beetle
Aim: a boulder beetle (heavily wounded, rolling)
The zap hits the boulder beetle.
The boulder beetle is heavily wounded.
Aiming: Minor Destruction (0% risk of failure)
Press: ? - help, Shift-Dir - straight line, f/p - boulder beetle
Aim: a boulder beetle (heavily wounded, rolling)
The boulder beetle writhes in agony!
The boulder beetle hits you!!!
You die...

...... ........)........ *
....## ######...........,,
....###########..#########* *
..........(......######### *
.......................... *
###..(....................
#..........°.....#######
#...........○....# *
#............B@..##########
............................ *
.............................,
.............................,
##########...................
#................... * **
*#.................=., ,
.................... * *
#......○.......... *


You could see a boulder beetle (rolling).

Vanquished Creatures
  Nessos (D:13)
  Josephine (D:11)
  13 hydras
  Erica (D:10)
  6 boulder beetles
  2 two-headed ogres (D:11)
  2 orc high priests (Orc:2)
  Sonja (D:10)
  A goliath frog (Lair:6)
  A lindwurm (Lair:6)
  An orc knight (Orc:2)
  A manticore (D:13)
  4 cyclopes
  2 orc sorcerers (Orc:2)
  3 ugly things
  2 merfolk sirens (Lair:3)
  7 black mambas
  17 cane toads
  Maggie (D:10)
  A rime drake (Lair:6)
  3 gargoyles (D:12)
  An unseen horror (D:12)
  3 komodo dragons
  2 kobold demonologists (D:12)
  A meliai (Lair:3)
  3 polar bears
  A tyrant leech (Lair:6)
  5 trolls
  13 blink frogs
  2 hornets
  A merfolk (Lair:3)
  2 dream sheep (Lair:5)
  3 vampires
  5 wraiths
  2 wyverns
  4 basilisks
  2 steam dragons
  57 yaks
  9 vampire mosquitoes
  3 wargs
  19 water moccasins
  3 acid dragons
  35 orc warriors
  An ice beast (D:5)
  2 black bears
  4 ogres
  A necrophage (D:4)
  A centaur (D:7)
  14 wolves
  2 lemures (D:8)
  A phantom (D:4)
  2 elf zombies (Ossuary)
  Blork the orc (D:6)
  22 bullfrogs
  A gnoll sergeant (D:10)
  4 scorpions
  A wyvern zombie (D:9)
  A water moccasin zombie (D:5)
  7 killer bees
  13 wights
  2 electric eels
  Crazy Yiuf (D:6)
  6 centaur zombies
  20 orc priests
  A centaur skeleton (D:7)
  4 hounds
  A jelly (D:5)
  Jessica (D:2)
  2 iguanas
  22 orc wizards
  2 hound zombies (Ossuary)
  3 mummies (Ossuary)
  4 gnolls
  A howler monkey skeleton (D:7)
  7 adders
  3 white imps
  3 adder zombies
  2 worms (D:3)
  5 dart slugs
  65 orcs
  5 ball pythons
  8 bats
  6 endoplasms
  5 giant cockroaches
  A gnoll zombie (Ossuary)
  5 goblins
  11 hobgoblins
  2 jackals (D:1)
  5 kobolds
  4 quokkas
  A frilled lizard (D:1)
  A goblin zombie (Ossuary)
  A hobgoblin zombie (Ossuary)
  A jackal zombie (Ossuary)
  A kobold zombie (Ossuary)
  An orc zombie (Ossuary)
  7 rats
545 creatures vanquished.

Vanquished Creatures (collateral kills)
  Saint Roka (Orc:2)
  Rupert (Lair:5)
  A boulder beetle (Lair:5)
  6 hydras
  A two-headed ogre (D:13)
  A goliath frog (Lair:6)
  Pikel (D:9)
  An ugly thing (D:13)
  A black mamba (Lair:6)
  A torpor snail (Lair:5)
  A gargoyle (D:13)
  4 komodo dragons
  A tyrant leech (Lair:6)
  6 blink frogs
  2 wyverns
  6 yaks
  An acid dragon (D:13)
  4 water moccasins
  An orc warrior (Orc:2)
  A centaur (D:9)
  2 lemures (D:9)
  3 bullfrogs
  A killer bee (Lair:3)
  A howler monkey (D:9)
  An orc wizard (Orc:2)
  A mummy (Ossuary)
  3 orcs
54 creatures vanquished.

Vanquished Creatures (others)
  A bullfrog (Lair:6)
  25 fungi
  82 plants
  7 toadstools (Lair:1)
115 creatures vanquished.

Grand Total: 714 creatures vanquished

Notes
Turn   | Place    | Note
-------+----------+-------------------------------------------
     0 | D:1      | dolemite99 the Deep Dwarf Fighter began the quest for the
                  | Orb.
     0 | D:1      | Reached XP level 1. HP: 20/20 MP: 1/1
   214 | D:1      | Reached skill level 3 in Axes
   214 | D:1      | Reached XP level 2. HP: 18/27 MP: 2/2
   557 | D:1      | Reached XP level 3. HP: 30/33 MP: 3/3
   607 | D:1      | Reached skill level 4 in Axes
   650 | D:1      | Found Acawiuq's Assorted Antiques.
   676 | D:1      | Bought an emerald potion for 19 gold pieces
  1411 | D:2      | Reached XP level 4. HP: 24/40 MP: 4/4
  1508 | D:2      | Found a burning altar of Makhleb.
  1516 | D:2      | Became a worshipper of Makhleb the Destroyer
  1520 | D:2      | Noticed Jessica
  1528 | D:2      | Killed Jessica
  1529 | D:2      | Reached skill level 5 in Axes
  1548 | D:2      | You fall into a shaft and drop 1 floor!
  1548 | D:3      | Found an ancient bone altar of Kikubaaqudgha.
  1548 | D:3      | Found a faded altar of an unknown god.
  1548 | D:3      | Found a snail-covered altar of Cheibriados.
  1550 | D:3      | Found a hide-covered altar of Uskayaw.
  1587 | D:3      | Found a glowing golden altar of the Shining One.
  1770 | D:3      | Found a transporter.
  1774 | D:3      | Noticed axecop's ghost (weakling HOWn)
  1833 | D:3      | Found a transporter.
  1996 | D:3      | Found Monirchu's Assorted Antiques.
  2006 | D:3      | Bought a scroll labelled DAASHRA FOBBA for 29 gold pieces
  2006 | D:3      | Bought a viscous brown potion for 26 gold pieces
  2006 | D:3      | Bought a scroll labelled MOINTO CEECI for 29 gold pieces
  2284 | D:2      | Reached XP level 5. HP: 14/46 MP: 5/5
  2347 | D:2      | Reached skill level 1 in Slings
  2996 | D:4      | Noticed a phantom
  3004 | D:4      | Killed a phantom
  3005 | D:4      | Reached skill level 6 in Axes
  3020 | D:4      | Reached XP level 6. HP: 33/55 MP: 6/6
  3146 | D:4      | Reached skill level 7 in Axes
  3239 | D:4      | Reached * piety under Makhleb
  3355 | D:4      | Reached skill level 8 in Axes
  3355 | D:4      | Reached XP level 7. HP: 28/61 MP: 7/7
  3497 | D:1      | Bought a potion of might for 88 gold pieces
  3614 | D:5      | Entered Level 5 of the Dungeon
  3933 | D:5      | Reached skill level 9 in Axes
  4369 | D:3      | Bought a scroll labelled EFUTUDOFOZO for 29 gold pieces
  4487 | D:6      | Reached skill level 10 in Axes
  4504 | D:6      | Found a transporter.
  4505 | D:6      | Noticed a kobold demonologist
  4510 | D:6      | Found a transporter.
  4706 | D:6      | Reached XP level 8. HP: 33/68 MP: 8/8
  4869 | D:6      | Noticed a kobold demonologist
  5065 | D:6      | Noticed a troll
  5073 | D:6      | Killed a troll
  5074 | D:6      | Reached skill level 11 in Axes
  5096 | D:6      | Found a sand-covered staircase.
  5101 | Ossuary  | Entered an ossuary
  5435 | Ossuary  | Reached ** piety under Makhleb
  6185 | D:6      | Noticed Blork the orc
  6191 | D:6      | Killed Blork the orc
  6192 | D:6      | Reached skill level 12 in Axes
  6264 | D:6      | Found a runed translucent door.
  6265 | D:6      | Noticed Crazy Yiuf
  6573 | D:6      | Killed Crazy Yiuf
  6678 | D:7      | Found a staircase to the Ecumenical Temple.
  7064 | D:7      | Gained mutation: You passively map the area around you.
                  | [Deep Dwarf growth]
  7064 | D:7      | Reached XP level 9. HP: 45/78 MP: 9/9
  7602 | D:3      | Bought a lead wand for 116 gold pieces
  7773 | D:8      | Noticed a troll
  7782 | D:8      | Killed a troll
  7854 | D:8      | Found a flagged portal.
  8189 | D:8      | Reached skill level 5 in Invocations
  8436 | D:3      | Bought a scroll of fear for 101 gold pieces
  8584 | D:9      | Noticed Pikel
  8873 | D:9      | Reached skill level 1 in Evocations
  8873 | D:9      | Killed Pikel
  8874 | D:9      | Reached skill level 5 in Evocations
  9110 | D:9      | Found Agrun's Weapon Emporium.
  9157 | D:9      | Reached XP level 10. HP: 36/84 MP: 12/12
  9212 | D:9      | Found Fuodih's Magic Scroll Emporium.
  9234 | D:9      | Bought a scroll of teleportation for 48 gold pieces
  9396 | D:9      | Found a staircase to the Orcish Mines.
  9422 | D:9      | Noticed a brown ugly thing
  9438 | D:9      | Killed a brown ugly thing
  9563 | D:9      | Reached *** piety under Makhleb
  9722 | D:9      | Reached skill level 10 in Evocations
  9993 | D:10     | Entered Level 10 of the Dungeon
 10073 | D:10     | HP: 4/87 [acid dragon/splash of acid (28)]
 10180 | D:10     | Noticed Maggie
 10184 | D:10     | Reached skill level 5 in Armour
 10186 | D:10     | Reached skill level 5 in Fighting
 10201 | D:10     | Killed Maggie
 10277 | D:10     | Noticed Sonja
 10281 | D:10     | Killed Sonja
 10282 | D:10     | Reached XP level 11. HP: 65/97 MP: 13/13
 10362 | D:10     | Found a staircase to the Lair.
 10416 | D:10     | Noticed Erica
 10425 | D:10     | Killed Erica
 10645 | D:11     | Found a gate leading to a gauntlet.
 10710 | D:11     | Noticed Josephine
 10739 | D:11     | Killed Josephine
 10895 | D:11     | Noticed a two-headed ogre
 10904 | D:11     | Killed a two-headed ogre
 10950 | D:11     | Noticed a two-headed ogre
 10962 | D:11     | Killed a two-headed ogre
 11003 | D:11     | Found a runed translucent door.
 11189 | D:11     | Noticed a boulder beetle
 11223 | D:11     | Killed a boulder beetle
 11286 | D:11     | Found a runed translucent door.
 11286 | D:11     | Noticed a skeletal warrior
 11288 | D:11     | Noticed a deep troll earth mage
 11289 | D:11     | Noticed a lich
 11289 | D:11     | Noticed a fire crab
 11289 | D:11     | Noticed an ettin
 11290 | D:11     | Noticed axecop's ghost (journeyman HODe)
 11291 | D:11     | Noticed a necromancer
 11291 | D:11     | a fire crab changed into a floating eye
 11353 | D:11     | Noticed a six-headed hydra
 11368 | D:11     | Killed a six-headed hydra
 11369 | D:11     | Reached skill level 13 in Axes
 11560 | D:11     | Noticed a death drake
 11627 | Lair:1   | Entered Level 1 of the Lair of Beasts
 11627 | Lair:1   | Noticed a four-headed hydra
 11640 | Lair:1   | Killed a one-headed hydra
 11706 | Lair:1   | Reached XP level 12. HP: 56/109 MP: 11/11
 11724 | Lair:1   | Noticed a four-headed hydra
 11754 | Lair:1   | Killed a one-headed hydra
 11755 | Lair:1   | Reached skill level 14 in Axes
 11887 | Lair:1   | Noticed a six-headed hydra
 11899 | Lair:1   | Killed a six-headed hydra
 12001 | Lair:1   | Noticed a seven-headed hydra
 12009 | Lair:1   | Killed a seven-headed hydra
 12010 | Lair:1   | Reached skill level 5 in Dodging
 12238 | Lair:1   | Noticed an eight-headed hydra
 12252 | Lair:1   | Killed an eight-headed hydra
 12505 | Lair:1   | Noticed a catoblepas
 12505 | Lair:1   | Noticed a dire elephant
 12525 | Lair:1   | Found a runed translucent door.
 12815 | Lair:2   | Reached **** piety under Makhleb
 13195 | Lair:2   | Found a runed translucent gate.
 13195 | Lair:2   | Found a runed translucent gate.
 13297 | Lair:2   | Found a runed translucent gate.
 13297 | Lair:2   | Found a viscous altar of Jiyva.
 13297 | Lair:2   | Noticed Zonian's ghost (journeyman DjIE)
 13576 | Lair:2   | Noticed a six-headed hydra
 13592 | Lair:2   | Killed a three-headed hydra
 13667 | Lair:2   | Noticed an eight-headed hydra
 13672 | Lair:2   | Killed a four-headed hydra
 13679 | Lair:2   | Reached skill level 10 in Dodging
 13690 | Lair:2   | Noticed a seven-headed hydra
 13694 | Lair:2   | Killed a six-headed hydra
 14013 | D:9      | Bought a scroll of teleportation for 48 gold pieces
 14013 | D:9      | Bought a scroll of identify for 32 gold pieces
 14013 | D:9      | Bought a scroll of silence for 120 gold pieces
 14013 | D:9      | Bought a scroll of vulnerability for 120 gold pieces
 14013 | D:9      | Bought a scroll of immolation for 56 gold pieces
 14283 | Lair:3   | Reached XP level 13. HP: 60/115 MP: 11/11
 14786 | Lair:3   | Found a staircase to the Shoals.
 14955 | Lair:3   | Found a hole to the Spider Nest.
 15149 | Lair:4   | Reached skill level 5 in Shields
 15720 | Lair:5   | Reached ***** piety under Makhleb
 15974 | Lair:5   | Noticed Rupert
 16001 | Lair:5   | Killed Rupert
 16089 | Lair:5   | Reached skill level 10 in Shields
 16582 | Lair:6   | Entered Level 6 of the Lair of Beasts
 16618 | Lair:6   | Reached skill level 15 in Axes
 16684 | Lair:6   | Gained mutation: You resist negative energy. (rN+) [Deep
                  | Dwarf growth]
 16684 | Lair:6   | Reached XP level 14. HP: 123/123 MP: 12/12
 16862 | Lair:6   | Reached skill level 16 in Axes
 16979 | Lair:6   | Identified the +1 helmet of Satisfaction {rPois Int+10}
 17023 | Lair:6   | Identified the +3 ring mail of the Forest {rN+}
 17166 | Lair:6   | Found a viscous altar of Jiyva.
 17166 | Lair:6   | Found a staircase to the Slime Pits.
 17995 | Orc:1    | Entered Level 1 of the Orcish Mines
 18382 | Orc:1    | Found Ruamoes's Magic Scroll Shoppe.
 18390 | Orc:1    | Bought a scroll of fear for 42 gold pieces
 18737 | Orc:2    | Entered Level 2 of the Orcish Mines
 19219 | Orc:2    | Reached ****** piety under Makhleb
 19228 | Orc:2    | Found Mumoowos's Distillery.
 19254 | Orc:2    | Found Itoumut's Distillery.
 19309 | Orc:2    | Found a staircase to the Elven Halls.
 19543 | Orc:2    | Found Xicvetig's Weapon Shoppe.
 19723 | Orc:2    | Reached skill level 10 in Invocations
 19812 | Orc:2    | Gained mutation: You occasionally shout uncontrollably at
                  | your foes. [a neqoxec]
 20260 | Orc:2    | Found Etiugh's Antique Armour Boutique.
 20262 | Orc:2    | Found Tiah's Antique Weapon Shop.
 20318 | Orc:2    | Noticed Saint Roka
 20518 | Orc:2    | Killed Saint Roka
 20519 | Orc:2    | Reached skill level 10 in Armour
 20648 | Orc:2    | Bought a potion of invisibility for 120 gold pieces
 20648 | Orc:2    | Bought a potion of heal wounds for 75 gold pieces
 20648 | Orc:2    | Bought a potion of haste for 150 gold pieces
 20648 | Orc:2    | Bought a potion of might for 60 gold pieces
 20711 | Orc:1    | Bought a scroll of brand weapon for 240 gold pieces
 20755 | Orc:2    | Bought a potion of resistance for 160 gold pieces
 21518 | D:13     | Reached XP level 15. HP: 47/136 MP: 10/10
 21748 | D:13     | Noticed Nessos
 21768 | D:13     | Killed Nessos
 22161 | D:14     | Demolished by a boulder beetle

Illustrated notes

Levels and vault maps discovered:
D:1:      amcnicky_arrival_feature_with_door, layout_basic, serial_shops,
          nicolae_shop_overgrown_old_shop
D:2:      minmay_chambers_of_ones, layout_loops_corners, basic_altar,
          uniq_jessica
D:3:      layout_loops_ring, chequers_temple_overflow_minitemple,
          gammafunk_ghost_stat_death, serial_shops, shop
D:4:      layout_rooms, minmay_misc_feat_four_crosses
D:5:      layout_basic
D:6:      gammafunk_wand_slinger, layout_basic, nicolae_ossuary_entry_plus,
          bh_walls_and_bars, uniq_blork_the_orc, uniq_crazy_yiuf_cottage
D:7:      layout_gridville, minmay_temple_entry_overgrown, chequers_jeans
D:8:      layout_loops_cross, enter_bailey_6
D:9:      layout_roguey, orc_0_dummy, serial_corexii_hall,
          chequers_hall_statues_wall_a, corexii_hall_statues_x,
          corexii_hall_statues_t, corexii_hall_statues_l, serial_shops,
          nicolae_shop_waterfront, nicolae_shop_bloodbath_and_beyond,
          hangedman_corner_corridor, uniq_pikel
D:10:     layout_long_grid, lair_entry_dummy, uniq_sonja, uniq_erica,
          uniq_maggie
D:11:     layout_roguey, gauntlet_entry_generic, muffindrake_ghost_dual_entry,
          uniq_josephine
D:12:     layout_rooms, amcnicky_mini_rare_corridor_liquid
D:13:     layout_small_grid, grunt_vaults_entry_fortified, uniq_nessos
D:14:     kennysheep_kobold_grotto, layout_long_grid, hex_medium
Lair:1:   gammafunk_lair_enchanted_lake, layout_long_grid, st_stairs_3,
          nicolae_quartered_pool_little, beast_lair_carwin_9,
          serial_bayou_shore_b, infiniplex_staircase_pool_2
Lair:2:   nzn_winding_woodlands_three_and_one
          [nzn_winding_woodlands_5x15_split_checker,
          nzn_winding_woodlands_5x15_longhouse,
          nzn_winding_woodlands_5x15_pathside_ponds,
          nzn_winding_woodlands_center_lodge], layout_regular_city,
          gammafunk_ghost_ooze, serial_bayou_pond_d
Lair:3:   layout_long_grid, elwin_shoals_entry_rooms,
          hellmonk_spider_entry_not_the_bees, ldierk_geyser,
          serial_bayou_shore_a
Lair:4:   layout_misc_corridors, chequers_serial_rivers_room_a,
          lemuel_fruit_tree
Lair:5:   layout_long_grid, grunt_megastairs_2, serial_bayou_shore_b,
          serial_bayou_shore_b, uniq_rupert
Lair:6:   minmay_lair_end_frog_pond, layout_big_grid, slime_altar_1,
          serial_bayou_pond_b, lemuel_old_faithful
Orc:1:    layout_caves, serial_shops, nicolae_shop_crystal
Orc:2:    grunt_orc_community_town_hall, layout_caves,
          grunt_orc_community_big_house_2, grunt_orc_community_big_house_1,
          grunt_orc_community_house_1, grunt_orc_community_house_1,
          grunt_orc_community_house_2, grunt_orc_community_house_3,
          serial_shops, shop, bh_open_orc_temple

Skill      XL: |  1  2  3  4  5  6  7  8  9 10 11 12 13 14 15 |
---------------+----------------------------------------------+-----
Axes           | 3 4 5 6 8 10 12 13 14 15 16 | 16.0
Slings         | 2 |  2.0
Fighting       | 3 4 5 7 9 |  9.6
Armour         | 4 6 8 10 11 | 11.2
Shields        | 4 10 | 10.0
Invocations    | 6 8 9 11 12 | 12.5
Evocations     | 6 10 | 10.7
Dodging        | 10 12 | 12.2

Action                   |  1- 3 |  4- 6 |  7- 9 | 10-12 | 13-15 || total
-------------------------+-------+-------+-------+-------+-------++-------
Melee: War axe           |    96 |    57 |   140 |   409 |   544 ||  1246
       Broad axe         |       |       |       |       |   297 ||   297
 Fire: Hunting sling     |       |    81 |   143 |    55 |     2 ||   281
Invok: Minor Destruction |       |       |       |    22 |   195 ||   217
       Lesser Servant of |       |       |       |     9 |    16 ||    25
       Major Destruction |       |       |       |       |    20 ||    20
 Abil: Heal Wounds       |     1 |     2 |     5 |    16 |    14 ||    38
Evoke: Wand              |       |       |     8 |    34 |    39 ||    81
       Phantom mirror    |       |       |       |     2 |     5 ||     7
       Piece from Xom's  |       |       |       |       |     2 ||     2
  Use: Scroll            |       |    11 |     8 |     4 |    14 ||    37
       Potion            |       |       |     9 |     7 |     9 ||    25
 Stab: Distracted        |       |       |       |     1 |     3 ||     4
       Paralysed         |       |       |       |       |     7 ||     7
       Invisible         |       |       |       |       |     3 ||     3
Armor: Scale mail        |    33 |       |       |       |       ||    33
       Chain mail        |    25 |    51 |   126 |    57 |       ||   259
       Swamp dragon scal |       |       |       |   173 |   172 ||   345
       Plate armour      |       |       |       |       |    86 ||    86
Dodge: Dodged            |    40 |    31 |    64 |   243 |   535 ||   913
Block: Buckler           |    18 |    17 |    34 |    92 |       ||   161
       Kite shield       |       |       |       |    27 |   506 ||   533

Table legend: (Time is in decaauts)
 A = Elapsed time spent in this place.
 B = Non-inter-level travel time spent in this place.
 C = Inter-level travel time spent in this place.
 D = Time resting spent in this place.
 E = Time spent auto-exploring this place.
 F = Levels seen in this place.
 G = Mean time per level.
                   A        B        C        D        E       F      G
               +--------+--------+--------+--------+--------+-----+--------+
         Total |  22247 |  19668 |   2579 |   2366 |  11925 |  23 |  967.3 |
       Dungeon |  13402 |  11492 |   1910 |   1569 |   7171 |  14 |  957.3 |
          Lair |   5885 |   5436 |    449 |    139 |   3652 |   6 |  980.8 |
  Orcish Mines |   2446 |   2227 |    219 |    357 |    990 |   2 | 1223.0 |
       Ossuary |    514 |    514 |      0 |    300 |    112 |   1 |  514.0 |
               +--------+--------+--------+--------+--------+-----+--------+

Top non-repeatable levels by time:
   Orc:2: 2002 daAuts
     D:6: 1725 daAuts
     D:9: 1561 daAuts
     D:1: 1330 daAuts
  Lair:2: 1273 daAuts
  Lair:1: 1220 daAuts
     D:3: 1162 daAuts
     D:2: 1073 daAuts
     D:8: 989 daAuts
     D:7: 978 daAuts
    D:11: 970 daAuts
  Lair:3: 919 daAuts
  Lair:6: 897 daAuts
  Lair:5: 897 daAuts
     D:5: 891 daAuts
